 Dungeon Crawl Stone Soup version 0.28.0-45-g0d030f2227 (webtiles) character file.

Game seed: 5404111008947566617

58 GigaChad the Slasher (level 3, -8/28 (33) HPs)
             Began as a Minotaur Chaos Knight on Apr 21, 2022.
             Was a Plaything of Xom.
             Mangled by an iron imp (10 damage)
             ... summoned by Xom
             ... on level 2 of the Dungeon.
             The game lasted 00:02:57 (978 turns).

GigaChad the Slasher (Minotaur Chaos Knight)         Turns: 978, Time: 00:02:58

HP:   -8/28 (33)    AC:  5    Str: 16    XL:     3   Next: 75%
MP:   2/2           EV: 11    Int:  9    God:    Xom [*.....]
Gold: 32            SH:  0    Dex: 11    Spells: 2/2 levels left

rFire   . . .      SeeInvis .   a - +0 falchion (chaos)
rCold   . . .      Faith    .   (no shield)
rNeg    . . .      Spirit   .   b - +2 leather armour
rPois   .          Reflect  .   (helmet restricted)
rElec   .          Harm     .   (no cloak)
rCorr   .          Rampage  .   (no gloves)
Will    .....                   (no boots)
Stlth   +.........              (no amulet)
HPRegen 0.09/turn               (no ring)
MPRegen 0.08/turn               (no ring)

@: heavily drained
A: horns 2, retaliatory headbutt
a: Renounce Religion


You were on level 2 of the Dungeon.
You worshipped Xom.
You were a special plaything of Xom.
You visited 1 branch of the dungeon, and saw 2 of its levels.

You collected 32 gold pieces.

Inventory:

Hand Weapons
 a - a +0 falchion of chaos (weapon)
Armour
 b - a +2 leather armour (worn)
 f - a scarf of shadows
 g - a +0 ring mail
Scrolls
 c - 2 scrolls of identify {unknown}
Potions
 d - a potion of might {unknown}
 e - a potion of flight {unknown}


   Skills:
 + Level 4.2 Fighting
 + Level 4.7 Long Blades
 + Level 2.9 Armour
 + Level 1.9 Dodging


You had 2 spell levels left.
You didn't know any spells.
Your spell library was empty.

Dungeon Overview and Level Annotations

Branches:
Dungeon (2/15)

Altars:


Innate Abilities, Weirdness & Mutations

You have a pair of horns on your head.
You reflexively headbutt those who attack you in melee.


Message History

You feel sick.
You see here an adder corpse.
You feel sick.
You feel sick.
You see here an adder corpse.
You feel sick.
You feel sick.
You are no longer poisoned.
As you open the door, it creaks loudly!
There is an open door here.
You hear Xom's maniacal laughter.
The crimson imp closely misses you.
You closely miss the crimson imp. You headbutt the crimson imp.
The crimson imp is moderately wounded.
The crimson imp hits you.
You miss the crimson imp. Your headbutt misses the crimson imp.
The crimson imp is lightly wounded.
The crimson imp hits you but does no damage.
The iron imp grins evilly.
The iron imp misses you. You furiously retaliate!
You headbutt the iron imp, but do no damage.
You slash the crimson imp!
The crimson imp seems to slow down.
The crimson imp is severely wounded.
The iron imp hits you but does no damage.
You slash the crimson imp!
You kill the crimson imp!
The crimson imp disappears in a puff of smoke!
The iron imp barely misses you.
You closely miss the iron imp. You headbutt the iron imp.
The iron imp is moderately wounded.
The iron imp hits you!
You hit the iron imp.
The iron imp goes berserk!
The iron imp is moderately wounded.
The iron imp hits you but does no damage.
The iron imp hits you!
* * * LOW HITPOINT WARNING * * *
You closely miss the iron imp. You headbutt the iron imp!
The iron imp is severely wounded.
The iron imp hits you!
You die...

#≈≈≈.......≈≈≈#
#≈≈....#....≈≈#
#≈..........?≈#
#≈...........≈#
#≈..#.!#(.#^.≈#
#≈.....).....≈#
#≈...........≈#
#≈≈....#....≈≈# ..
## #≈≈≈..@5...≈≈≈#
. .
..#≈≈≈≈.....≈≈≈≈#
. .
#.#≈≈≈≈≈≈.≈≈≈≈≈≈#
#.###
#.#######'#######
#.##.
...##.##....#
..##.#
#..##...#...#
.....#
#..#....<...####.#
.....#
#..#.............#
r.##.#
#.†.†..†.#..####.#


You could see an iron imp (summoned, berserk).

Vanquished Creatures
  An adder (D:2)
  2 dart slugs (D:2)
  3 endoplasms
  12 giant cockroaches (D:2)
  3 goblins
  A hobgoblin (D:1)
  3 jackals (D:2)
  A quokka (D:2)
  6 ball pythons
  2 bats (D:1)
  A frilled lizard (D:1)
  A kobold (D:1)
  4 rats
40 creatures vanquished.

Notes
Turn   | Place    | Note
-------+----------+-------------------------------------------
     0 | D:1      | GigaChad the Minotaur Chaos Knight began the quest for the
                  | Orb.
     0 | D:1      | Reached XP level 1. HP: 19/19 MP: 0/0
   233 | D:1      | XOM: potion effect (invisibility)
   278 | D:1      | XOM: swap monsters
   287 | D:1      | Reached XP level 2. HP: 23/27 MP: 1/1
   429 | D:1      | XOM: 1-stop teleportation journey
   462 | D:1      | You fall into a shaft and drop 1 floor!
   679 | D:2      | XOM: 6-stop teleportation journey
   692 | D:2      | Reached XP level 3. HP: 14/33 MP: 2/2
   830 | D:2      | XOM: draining
   968 | D:2      | XOM: summons 2 hostile demons
   978 | D:2      | Mangled by an iron imp

Illustrated notes

Levels and vault maps discovered:
D:1:      co_arrival_random_square_maze, layout_loops_corners
D:2:      minmay_roachtagon, layout_loops_ring, serial_bayou_pond_a,
          nrook_campfire, kennysheep_generic_room_2

Skill      XL: |  1  2 |
---------------+-------+-----
Long Blades    | 4 |  4.7
Fighting       | 4 |  4.2
Armour         | |  2.9
Dodging        | |  1.9

Action                   || total
-------------------------++-------
Melee: Falchion          ||    66
       Headbutt          ||     9
Armor: Leather armour    ||    59
Dodge: Dodged            ||    99
